 Dungeon Crawl Stone Soup version 0.28-a0-1638-g9123634e07 (webtiles) character file.

Game seed: 456449266187468451

6949 Ajdolov the Basher (level 10, -25/84 HPs)
             Began as a Palentonga Fighter on Jan 25, 2022.
             Was a Believer of Qazlal.
             Shot with an arrow by a centaur warrior (27 damage)
             ... on level 10 of the Dungeon.
             The game lasted 00:22:33 (8040 turns).

Ajdolov the Basher (Palentonga Fighter)             Turns: 8040, Time: 00:22:34

Health: -25/84     AC: 16    Str: 21    XL:     10   Next: 80%
Magic:  9/9        EV: 13    Int:  9    God:    Qazlal [**....]
Gold:   461        SH:  7    Dex: 12    Spells: 9/9 levels left

rFire   + . .      SeeInvis +   H - +2 whip (flame)
rCold   . . .      Faith    .   c - +0 buckler
rNeg    . . .      Spirit   .   F - +0 steam dragon scales
rPois   .          Reflect  .   (no helmet)
rElec   .          Harm     .   v - +2 cloak
rCorr   .          Rampage  .   (no gloves)
Will    .....                   (no barding)
Stlth   +.........              q - amulet of regeneration
HPRegen 1.04/turn               g - ring of protection from fire
MPRegen 0.11/turn               k - +4 ring of evasion

@: curled up
A: large, rugged brown scales 3, see invisible, deformed body, roll 1, armoured
tail, reflexive curl, stinger 1, low mp 1
a: Rolling Charge, Renounce Religion, Upheaval


You were on level 10 of the Dungeon.
You worshipped Qazlal.
Qazlal was pleased with you.
You visited 2 branches of the dungeon, and saw 11 of its levels.

You collected 461 gold pieces.

Inventory:

Hand Weapons
 n - a +0 flail of holy wrath
 H - a +2 whip of flaming (weapon)
Armour
 c - a +0 buckler (worn)
 d - a +0 troll leather armour
 v - a +2 cloak (worn)
 F - +0 steam dragon scales (worn)
Jewellery
 g - a ring of protection from fire (left hand)
 k - a +4 ring of evasion (right hand)
 q - an amulet of regeneration (around neck)
 s - a +6 ring of intelligence
 u - an amulet of guardian spirit
 x - an amulet of magic regeneration
Wands
 o - a wand of iceblast (8)
 r - a wand of paralysis (9)
 t - a wand of polymorph (2)
 I - a wand of flame (17)
Scrolls
 b - a scroll of amnesia {unknown}
 f - a scroll of magic mapping {unknown}
 h - 2 scrolls of teleportation {unknown}
 i - 3 scrolls of blinking {unknown}
 j - a scroll of fear {unknown}
 l - a scroll of silence {unknown}
 m - 2 scrolls of identify {unknown}
 y - a scroll of fog {unknown}
 A - a scroll of noise {unknown}
 B - a scroll of enchant weapon {unknown}
 C - a scroll of immolation {unknown}
 G - a scroll of torment {unknown}
Potions
 a - 2 potions of curing {unknown}
 e - 2 potions of mutation
 p - a potion of flight {unknown}
 w - a potion of magic {unknown}
 z - a potion of lignification {unknown}
 D - a potion of haste {unknown}
 E - 3 potions of degeneration {unknown}


   Skills:
 - Level 7.6 Fighting
 + Level 8.3(11.2) Axes
 * Level 12.0(13.0) Maces & Flails
 - Level 2.4 Armour
 + Level 4.4 Shields


You had 9 spell levels left.
You didn't know any spells.
Your spell library contained the following spells:

 Spells                   Type           Power      Damage    Failure   Level
 Ignite Poison            Fire/Tmut/Pois 0%         N/A       83%         3
 Mephitic Cloud           Conj/Pois/Air  0%         N/A       83%         3
 Ozocubu's Armour         Ice            0%         N/A       83%         3
 Freezing Cloud           Conj/Ice/Air   0%         6-21      100%        5
 Metabolic Englaciation   Hex/Ice        0%         N/A       100%        5
 Simulacrum               Ice/Necr       0%         N/A       100%        6
 Ozocubu's Refrigeration  Ice            0%         4d5       100%        7


Dungeon Overview and Level Annotations

Branches:
Dungeon (10/15)            Temple (1/1) D:5             Orc (0/2) D:10
   Lair: D:8-11

Altars:
Ashenzari
Cheibriados
Dithmenos
Elyvilon
Fedhas
Gozag
Hepliaklqana
Kikubaaqudgha
Makhleb
Nemelex Xobeh
Okawaru
Qazlal
Ru
Sif Muna
Trog
Uskayaw
Vehumet
Xom
Yredelemnul
Zin
The Shining One

Shops:
D:6 *   D:7 (


Innate Abilities, Weirdness & Mutations

You are completely covered in rugged brown scales. (AC +3, +7% HP)
You have supernaturally acute eyesight. (SInv)
Armour fits poorly on your strangely shaped body.
You can roll at nearby foes to attack.
You have a long armoured tail.
You curl defensively after being hit. (AC +7*)
Your tail ends in a venomous barb.
Your magical capacity is low. (-10% MP)


Message History

You hit the steam dragon. You burn the steam dragon.
The steam dragon is severely wounded.
You hit the steam dragon. You burn the steam dragon.
You kill the steam dragon!
Qazlal accepts your kill.
The steam dragon scales are intact enough to wear.
Your base Maces & Flails skill increases to level 12!
Things that are here:
+0 steam dragon scales; a steam dragon corpse You see here 4 javelins.
Found 5 atropa-tipped darts.
Done exploring.
Done exploring.
You see here 3 large rocks.
There is a stone staircase leading down here.
You climb downwards.
Found a staircase to the Orcish Mines.
There is a stone staircase leading up here.
A centaur and 2 centaur warriors come into view.
The centaur shouts!
The centaur warrior shouts!
You hear a shout! x2
The centaur warrior wields a +0 longbow.
The centaur warrior shoots an arrow.
The arrow hits you!!
A yak comes into view.
A skeletal warrior comes into view. It is wielding a +0 dire flail.
A boulder beetle comes into view.
You hear a shout!
The centaur warrior wields a +0 shortbow.
The centaur warrior shoots an arrow.
The arrow hits you!
The centaur wields a +0 shortbow.
The centaur shoots an arrow.
The arrow hits you!
The centaur shoots an arrow.
The arrow misses you.
The centaur warrior shoots an arrow.
The arrow hits you!!
* * * LOW HITPOINT WARNING * * *
The centaur warrior shoots an arrow.
You block the arrow.
The centaur warrior shoots an arrow.
The arrow hits you!
* * * LOW HITPOINT WARNING * * *
Unknown command.
Okay, then.
The centaur warrior shoots an arrow.
The arrow hits you!!
You die...

#. #.. #.. #
#..#######.#
###..........#
#.........#####..
.........@......#
#.......>.#######
##.#....### #
#....# ###..#
#..#


cc.. ..... .##c... You could see a centaur warrior.

Vanquished Creatures
  2 two-headed ogres
  Pikel (D:6)
  A cyclops (D:9)
  A manticore (D:7)
  Maggie (D:6)
  Psyche (D:8)
  2 trolls
  A hornet (D:7)
  2 steam dragons
  A water moccasin (D:8)
  An orc warrior (D:8)
  5 sky beasts
  4 ogres
  6 centaurs
  2 bullfrogs
  4 scorpions
  2 wyvern zombies
  A gnoll sergeant (D:7)
  2 water moccasin zombies (D:5)
  3 killer bees (D:7)
  A centaur zombie (D:9)
  2 howler monkeys
  5 orc priests
  A centaur skeleton (D:7)
  3 hounds
  Ijyb (D:4)
  3 iguanas
  5 orc wizards
  A mummy (D:3)
  2 howler monkey zombies (D:9)
  8 gnolls
  2 howler monkey skeletons
  10 adders
  3 shadow imps
  A white imp (D:6)
  An ufetubus (D:6)
  3 worms
  2 dart slugs
  23 orcs
  2 ball pythons (D:2)
  2 bats (D:2)
  7 endoplasms
  7 giant cockroaches
  12 goblins
  10 hobgoblins
  17 jackals
  6 kobolds
  3 quokkas
  3 frilled lizards (D:1)
  3 rats (D:1)
192 creatures vanquished.

Vanquished Creatures (others)
  An orc (D:8)
  A bush (D:6)
2 creatures vanquished.

Grand Total: 194 creatures vanquished

Notes
Turn   | Place    | Note
-------+----------+-------------------------------------------
     0 | D:1      | Ajdolov the Palentonga Fighter began the quest for the Orb.
     0 | D:1      | Reached XP level 1. HP: 19/19 MP: 1/1
   320 | D:1      | Reached XP level 2. HP: 25/25 MP: 2/2
   336 | D:1      | Found a faded altar of an unknown god.
   614 | D:1      | You fall into a shaft and drop 1 floor!
   648 | D:2      | Reached skill level 1 in Axes
   913 | D:2      | Reached skill level 3 in Maces & Flails
   913 | D:2      | Reached XP level 3. HP: 31/31 MP: 3/3
  1572 | D:2      | Reached XP level 4. HP: 31/37 MP: 4/4
  2097 | D:3      | Found an ancient bone altar of Kikubaaqudgha.
  2410 | D:3      | Noticed a scorpion
  2420 | D:3      | Killed a scorpion
  2421 | D:3      | Reached skill level 4 in Maces & Flails
  2421 | D:3      | Reached XP level 5. HP: 7/44 MP: 5/5
  2421 | D:3      | Gained mutation: Your magical capacity is low. (-10% MP)
                  | [potion of mutation]
  2421 | D:3      | Gained mutation: Your tail ends in a venomous barb. [potion
                  | of mutation]
  2774 | D:3      | Found a snail-covered altar of Cheibriados.
  3148 | D:4      | Reached XP level 6. HP: 50/51 MP: 5/5
  3583 | D:4      | Reached skill level 5 in Maces & Flails
  3610 | D:4      | Noticed Ijyb
  3644 | D:4      | Killed Ijyb
  3999 | D:5      | Entered Level 5 of the Dungeon
  4111 | D:5      | Noticed a sky beast
  4181 | D:5      | Gained mutation: You curl defensively after being hit. (AC
                  | +7*) [Palentonga growth]
  4181 | D:5      | Reached XP level 7. HP: 58/58 MP: 6/6
  4285 | D:5      | Reached skill level 5 in Fighting
  4285 | D:5      | Reached skill level 6 in Maces & Flails
  4354 | D:5      | Found a staircase to the Ecumenical Temple.
  4364 | Temple   | Entered the Ecumenical Temple
  4590 | D:5      | Found a shadowy altar of Dithmenos.
  4845 | D:5      | Found a stormy altar of Qazlal.
  4849 | D:5      | Became a worshipper of Qazlal Stormbringer
  4913 | D:6      | Reached XP level 8. HP: 49/67 MP: 7/7
  4921 | D:6      | Reached skill level 7 in Maces & Flails
  4986 | D:6      | Noticed Maggie
  5001 | D:6      | Killed Maggie
  5002 | D:6      | Reached skill level 5 in Axes
  5047 | D:6      | Found Tuppued's Mayhem Merchandise.
  5216 | D:6      | Noticed Pikel
  5227 | D:6      | Killed Pikel
  5228 | D:6      | Reached skill level 8 in Maces & Flails
  5228 | D:6      | Reached XP level 9. HP: 62/75 MP: 8/8
  5783 | D:7      | Reached skill level 9 in Maces & Flails
  5969 | D:7      | Paralysed by a hornet for 3 turns
  6033 | D:7      | Found Rotag's Weapon Shop.
  6116 | D:7      | Noticed a manticore
  6182 | D:7      | Killed a manticore
  6183 | D:7      | Reached skill level 10 in Maces & Flails
  6299 | D:7      | Noticed a troll
  6307 | D:7      | Killed a troll
  6307 | D:7      | Reached * piety under Qazlal
  6625 | D:8      | Reached XP level 10. HP: 84/84 MP: 9/9
  6867 | D:8      | Found a hide-covered altar of Uskayaw.
  7296 | D:8      | Noticed Psyche
  7304 | D:8      | Killed Psyche
  7305 | D:8      | Reached skill level 11 in Maces & Flails
  7447 | D:8      | Noticed a two-headed ogre
  7456 | D:8      | Killed a two-headed ogre
  7591 | D:9      | Reached ** piety under Qazlal
  7595 | D:9      | Noticed a two-headed ogre
  7620 | D:9      | Killed a two-headed ogre
  7866 | D:9      | Noticed a cyclops
  7876 | D:9      | Killed a cyclops
  7890 | D:9      | Reached skill level 12 in Maces & Flails
  8030 | D:10     | Entered Level 10 of the Dungeon
  8030 | D:10     | Found a staircase to the Orcish Mines.
  8035 | D:10     | Noticed a centaur warrior
  8035 | D:10     | Noticed a centaur warrior
  8035 | D:10     | Noticed a skeletal warrior
  8035 | D:10     | Noticed a boulder beetle
  8039 | D:10     | HP: 1/84 [centaur warrior/arrow (13)]
  8040 | D:10     | Shot with an arrow by a centaur warrior

Illustrated notes

Levels and vault maps discovered:
D:1:      enne_arrival_octagon_isle, layout_loops_corners,
          basic_ecumenical_altar, minmay_hexomino_f4
D:2:      layout_rooms
D:3:      layout_loops_cross, old_standard_altar, chei_slow_surprise,
          amcnicky_mini_corridor_feature
D:4:      kennysheep_goblin_castle, layout_gridville, grunt_ministairs_6
D:5:      layout_cave_pools, mainiacjoe_overflow_alcove_1,
          grunt_dithmenos_shadows, minmay_temple_entry_ruins,
          hangedman_decor_push, grunt_ministairs_1,
          corexii_item_surrounded_by_moat, chequers_arboretum
D:6:      layout_rooms, minmay_shop_mayhem, kb_lookout_dungeons_type,
          uniq_pikel, uniq_maggie
D:7:      layout_basic, serial_shops, kennysheep_mini_moat, grunt_ministairs_1
D:8:      layout_gridville, nicolae_uskayaw_dance_hall, uniq_psyche
D:9:      layout_rooms
D:10:     minmay_bloctagon, layout_loops_ring,
          mainiacjoe_overflow_cross_hatched, orc_0_dummy, uniq_maurice
Temple:   nicolae_temple_elliptical

Skill      XL: |  1  2  3  4  5  6  7  8  9 10 |
---------------+-------------------------------+-----
Axes           | 1 2 3 4 5 7 8 |  8.3
Maces & Flails | 3 4 5 6 8 10 12 | 12.0
Fighting       | 4 5 6 7 |  7.6
Shields        | 4 |  4.4
Armour         | |  2.4

Action                   |  1- 3 |  4- 6 |  7- 9 | 10-12 || total
-------------------------+-------+-------+-------+-------++-------
Melee: Flail             |   108 |   190 |   125 |       ||   423
       Tailslap          |    12 |    18 |    50 |    28 ||   108
       Unarmed           |       |     8 |       |       ||     8
       Whip              |       |       |   165 |   179 ||   344
 Abil: Rolling Charge    |     7 |    10 |    15 |    12 ||    44
  Use: Potion            |       |     2 |     1 |       ||     3
 Stab: Confused          |       |     2 |       |       ||     2
Armor: Scale mail        |    53 |    75 |    34 |       ||   162
       Steam dragon scal |       |       |    44 |    35 ||    79
Dodge: Dodged            |    49 |   126 |   126 |    71 ||   372
Block: Buckler           |    21 |    40 |    41 |    40 ||   142

Table legend: (Time is in decaauts)
 A = Elapsed time spent in this place.
 B = Non-inter-level travel time spent in this place.
 C = Inter-level travel time spent in this place.
 D = Time resting spent in this place.
 E = Time spent auto-exploring this place.
 F = Levels seen in this place.
 G = Mean time per level.
                   A        B        C        D        E       F      G
               +--------+--------+--------+--------+--------+-----+--------+
         Total |   7992 |   7592 |    400 |    230 |   5823 |  11 |  726.5 |
       Dungeon |   7833 |   7451 |    382 |    230 |   5699 |  10 |  783.3 |
        Temple |    158 |    140 |     18 |      0 |    124 |   1 |  158.0 |
               +--------+--------+--------+--------+--------+-----+--------+

Top non-repeatable levels by time:
     D:1: 1109 daAuts
     D:3: 1094 daAuts
     D:4: 1084 daAuts
     D:8: 972 daAuts
     D:2: 928 daAuts
     D:7: 852 daAuts
     D:6: 814 daAuts
     D:5: 592 daAuts
     D:9: 374 daAuts
  Temple: 158 daAuts
    D:10: 9 daAuts
